MAA
ST. ALBERT PRODIGY @ SEATTLE TERNS
07/22/2018
 
TOP OF THE 1ST
St. Albert Prodigy batting - Pitching for Seattle Terns : RHP Jorge Rivas
Pitching: RHP Jorge Rivas
Batting: RHB Anthony Trujillo 0-0: Reached on error, E6 (Groundball, 6)
Pitching: RHP Scott Lyons
Batting: LHB Wallace James 0-0: Called Strike
0-1: Ball
1-1: Ball
Anthony Trujillo is caught stealing 2nd base
2-1: SINGLE (Line Drive, 8RS)
Batting: RHB Bruce Reiser 0-0: Called Strike
0-1: Ball
1-1: Ball
2-1: SINGLE (Line Drive, 8RS)
Wallace James to second
Batting: RHB Carlos Mercado 0-0: Ball
1-0: SINGLE (Line Drive, 4M)
Wallace James to third
Bruce Reiser to second
Batting: RHB Bernardo Burgos 0-0: Ball
1-0: Fly out, F5 (Line Drive, 56)
Batting: SHB Monte Adams 0-0: Called Strike
0-1: Called Strike
0-2: Fly out, F7 (Flyball, 7LD)
Top of the 1st over - 0 run(s), 3 hit(s), 1 error(s), 3 left on base; St. Albert 0 - Seattle 0
BOTTOM OF THE 1ST
Seattle Terns batting - Pitching for St. Albert Prodigy : RHP Emory Bryant
Pitching: RHP Emory Bryant
Batting: LHB Fred Cobb 0-0: Ball
1-0: Ball
2-0: Called Strike
2-1: Fly out, F8 (Flyball, 8LXD)
Batting: RHB Dustin O'Quinlevan 0-0: Ball
1-0: Swinging Strike
1-1: Ball
2-1: Swinging Strike
2-2: Strikes out looking
Batting: LHB Timmy Appeldoorn 0-0: Called Strike
0-1: Foul Ball, location: 2F
0-2: Ball
1-2: Ball
2-2: Ball
3-2: Strikes out looking
Bottom of the 1st over - 0 run(s), 0 hit(s), 0 error(s), 0 left on base; St. Albert 0 - Seattle 0
TOP OF THE 2ND
St. Albert Prodigy batting - Pitching for Seattle Terns : RHP Scott Lyons
Batting: RHB Larry Mason 0-0: Called Strike
0-1: SINGLE (Line Drive, 6M)
Batting: LHB António Pineda 0-0: Ball
1-0: Fly out, F8 (Line Drive, 8RM)
Batting: RHB Harrison Blackford 0-0: Ball
1-0: Called Strike
1-1: Foul Ball, location: 2F
1-2: Ball
2-2: Foul Ball, location: 2F
2-2: Fly out, F9 (Flyball, 9M)
Batting: RHB Anthony Trujillo 0-0: Called Strike
0-1: Called Strike
0-2: Fly out, F7 (Flyball, 78S)
Top of the 2nd over - 0 run(s), 1 hit(s), 0 error(s), 1 left on base; St. Albert 0 - Seattle 0
BOTTOM OF THE 2ND
Seattle Terns batting - Pitching for St. Albert Prodigy : RHP Emory Bryant
Batting: LHB Juan Hernández 0-0: SINGLE (Groundball, 25) (infield hit)
Batting: RHB Hank Kenney 0-0: Ball
1-0: Reached on error, E5 (Groundball, 5S)
Juan Hernández to third
Batting: RHB Curt Pope 0-0: Called Strike
0-1: Foul Ball, location: 2F
0-2: Ball
1-2: Ball
2-2: Strikes out swinging
Batting: RHB David Ramírez 0-0: Ball
1-0: Swinging Strike
1-1: Ball
2-1: Foul Ball, location: 2F
2-2: Foul Ball, location: 2F
2-2: Foul Ball, location: 2F
2-2: Foul Ball, location: 2F
2-2: Ball
3-2: Strikes out swinging
Batting: RHB Bobby Miller 0-0: Called Strike
0-1: Ball
1-1: Swinging Strike
1-2: TRIPLE (Flyball, 9LD)
Juan Hernández scores
Hank Kenney scores
Batting: LHB Wilson Horton 0-0: Fly out, F4 (Popup, 4D)
Bottom of the 2nd over - 2 run(s), 2 hit(s), 1 error(s), 1 left on base; St. Albert 0 - Seattle 2
TOP OF THE 3RD
St. Albert Prodigy batting - Pitching for Seattle Terns : RHP Scott Lyons
Batting: LHB Wallace James 0-0: Ball
1-0: Foul Ball, location: 2F
1-1: Called Strike
1-2: Strikes out looking
Batting: RHB Bruce Reiser 0-0: Ball
1-0: Ball
2-0: Called Strike
2-1: Ball
3-1: Base on Balls
Batting: RHB Carlos Mercado 0-0: Ball
1-0: Ball
2-0: Called Strike
2-1: Ball
3-1: Base on Balls
Bruce Reiser to second
Batting: RHB Bernardo Burgos 0-0: Reached on error, E2 (Groundball, 25)
Bruce Reiser scores
Carlos Mercado to third
Batting: SHB Monte Adams 0-0: Called Strike
0-1: Foul Ball, location: 2F
0-2: Ball
1-2: Strikes out swinging
Batting: RHB Larry Mason 0-0: Ball
1-0: Ball
2-0: Ball
3-0: Called Strike
3-1: Called Strike
3-2: Foul Ball, location: 2F
3-2: Foul Ball, location: 2F
3-2: Fly out, F7 (Flyball, 7M)
Top of the 3rd over - 1 run(s), 0 hit(s), 1 error(s), 2 left on base; St. Albert 1 - Seattle 2
BOTTOM OF THE 3RD
Seattle Terns batting - Pitching for St. Albert Prodigy : RHP Emory Bryant
Batting: LHB Fred Cobb 0-0: Ball
1-0: Ball
2-0: DOUBLE (Groundball, 5L)
Batting: RHB Dustin O'Quinlevan 0-0: Foul Ball, location: 2F
0-1: Ball
1-1: Foul Ball, location: 2F
1-2: Foul Ball, location: 2F
1-2: Ball
2-2: Ball
3-2: Fly out, F8 (Flyball, 8LM)
Batting: LHB Timmy Appeldoorn 0-0: Foul Ball, location: 2F
0-1: Called Strike
0-2: Ball
1-2: SINGLE (Groundball, 6M)
Fred Cobb to third
Runner from 3rd tries for Home, SAFE, no throw or cutoff
Batting: LHB Juan Hernández 0-0: Called Strike
0-1: Foul Ball, location: 2F
0-2: Ball
1-2: Foul Ball, location: 2F
1-2: Ball
2-2: Strikes out swinging
Batting: RHB Hank Kenney 0-0: Called Strike
0-1: Ball
1-1: Foul Ball, location: 2F
1-2: Strikes out swinging
Bottom of the 3rd over - 1 run(s), 2 hit(s), 0 error(s), 1 left on base; St. Albert 1 - Seattle 3
TOP OF THE 4TH
St. Albert Prodigy batting - Pitching for Seattle Terns : RHP Scott Lyons
Pitching: RHP Luis Fernández
Batting: LHB António Pineda 0-0: Swinging Strike
0-1: Ball
1-1: Called Strike
1-2: Foul Ball, location: 2F
1-2: Ball
2-2: Strikes out swinging
Batting: RHB Harrison Blackford 0-0: Ball
1-0: Foul Ball, location: 2F
1-1: SINGLE (Groundball, 6M)
Batting: RHB Anthony Trujillo 0-0: DOUBLE (Line Drive, 3L)
Harrison Blackford to third
Batting: LHB Wallace James 0-0: Ball
1-0: Foul Ball, location: 2F
1-1: Ground out 4-3 (Groundball, 4M)
Harrison Blackford scores
Anthony Trujillo to third
Batting: RHB Bruce Reiser 0-0: Ball
1-0: Ball
2-0: SINGLE (Line Drive, 6M)
Anthony Trujillo scores
Batting: RHB Carlos Mercado 0-0: Called Strike
0-1: Ball
1-1: Ball
2-1: Called Strike
2-2: Foul Ball, location: 2F
2-2: Fly out, F2 (Popup, 23F)
Top of the 4th over - 2 run(s), 3 hit(s), 0 error(s), 1 left on base; St. Albert 3 - Seattle 3
BOTTOM OF THE 4TH
Seattle Terns batting - Pitching for St. Albert Prodigy : RHP Emory Bryant
Batting: RHB Curt Pope 0-0: Ball
1-0: Called Strike
1-1: Ground out 5-3 (Groundball, 5)
Batting: RHB David Ramírez 0-0: Ball
1-0: Ground out 5-3 (Groundball, 56S)
Batting: RHB Bobby Miller 0-0: Called Strike
0-1: Called Strike
0-2: Strikes out swinging
Bottom of the 4th over - 0 run(s), 0 hit(s), 0 error(s), 0 left on base; St. Albert 3 - Seattle 3
TOP OF THE 5TH
St. Albert Prodigy batting - Pitching for Seattle Terns : RHP Luis Fernández
Batting: RHB Bernardo Burgos 0-0: Ball
1-0: DOUBLE (Line Drive, 7LM)
Batting: SHB Monte Adams 0-0: Ball
1-0: Ball
2-0: Ball
3-0: Base on Balls
Batting: RHB Larry Mason 0-0: Called Strike
0-1: Ball
1-1: Ground out 5-3 (Groundball, 15S)
Bernardo Burgos to third
Monte Adams to second
Batting: LHB António Pineda 0-0: Swinging Strike
0-1: Foul Ball, location: 2F
0-2: Ground out 6-3 (Groundball, 6)
Bernardo Burgos scores
Monte Adams to third
Pitching: RHP Teddy Jones
Batting: RHB Harrison Blackford 0-0: Swinging Strike
0-1: Swinging Strike
0-2: Ball
1-2: Ball
2-2: SINGLE (Line Drive, 9LS)
Monte Adams scores
Batting: RHB Anthony Trujillo 0-0: Foul Ball, location: 2F
0-1: Ground out 1-3 (Groundball, 13)
Top of the 5th over - 2 run(s), 2 hit(s), 0 error(s), 1 left on base; St. Albert 5 - Seattle 3
BOTTOM OF THE 5TH
Seattle Terns batting - Pitching for St. Albert Prodigy : RHP Emory Bryant
Batting: LHB Wilson Horton 0-0: Ball
1-0: SINGLE (Groundball, 3D)
Pitching: RHP Eduardo Estrada
Batting: LHB Fred Cobb 0-0: Ball
1-0: Ball
2-0: Foul Ball, location: 2F
2-1: Swinging Strike
2-2: Fly out, F8 (Line Drive, 8RM)
Batting: RHB Dustin O'Quinlevan 0-0: Called Strike
0-1: SINGLE (Flyball, 89S)
Wilson Horton to second
Runner from 2nd tries for 3rd, SAFE, throw made to third
Dustin O'Quinlevan to second
Batting: LHB Timmy Appeldoorn 0-0: Ball
1-0: Ball
2-0: Foul Ball, location: 2F
2-1: Ball
3-1: Base on Balls
Batting: LHB Juan Hernández 0-0: Called Strike
0-1: Swinging Strike
0-2: Strikes out swinging
Batting: RHB Hank Kenney 0-0: Ball
1-0: Called Strike
1-1: Foul Ball, location: 2F
1-2: Strikes out looking
Bottom of the 5th over - 0 run(s), 2 hit(s), 0 error(s), 3 left on base; St. Albert 5 - Seattle 3
TOP OF THE 6TH
St. Albert Prodigy batting - Pitching for Seattle Terns : RHP Teddy Jones
Batting: LHB Wallace James 0-0: Ball
1-0: Fly out, F9 (Line Drive, 89M)
Batting: RHB Bruce Reiser 0-0: SINGLE (Groundball, 4D)
Batting: RHB Carlos Mercado 0-0: Called Strike
0-1: Fly out, F6 (Line Drive, 6)
Batting: RHB Bernardo Burgos 0-0: Ball
1-0: Ball
2-0: Called Strike
2-1: SINGLE (Line Drive, 4MD)
Bruce Reiser to second
Batting: SHB Monte Adams 0-0: Ball
1-0: Called Strike
1-1: Called Strike
1-2: Strikes out swinging
Top of the 6th over - 0 run(s), 2 hit(s), 0 error(s), 2 left on base; St. Albert 5 - Seattle 3
BOTTOM OF THE 6TH
Seattle Terns batting - Pitching for St. Albert Prodigy : RHP Eduardo Estrada
Batting: RHB Curt Pope 0-0: Ball
1-0: Ball
2-0: Foul Ball, location: 2F
2-1: Fly out, F3 (Line Drive, 3L)
Batting: RHB David Ramírez 0-0: Fly out, F3 (Popup, 3F)
Batting: RHB Bobby Miller 0-0: Called Strike
0-1: Ball
1-1: Ball
2-1: Ball
3-1: Base on Balls
Batting: LHB Wilson Horton 0-0: Ball
1-0: Called Strike
1-1: Foul Ball, location: 2F
1-2: Ball
2-2: Ball
3-2: SINGLE (Line Drive, 56)
Bobby Miller to second
Bobby Miller to third
Batting: LHB Fred Cobb 0-0: Fly out, F8 (Flyball, 8RM)
Bottom of the 6th over - 0 run(s), 1 hit(s), 0 error(s), 2 left on base; St. Albert 5 - Seattle 3
TOP OF THE 7TH
St. Albert Prodigy batting - Pitching for Seattle Terns : RHP Teddy Jones
Batting: RHB Larry Mason 0-0: Called Strike
0-1: Ball
1-1: Ball
2-1: Called Strike
2-2: Foul Ball, location: 2F
2-2: Strikes out swinging
Batting: LHB António Pineda 0-0: Ball
1-0: Ball
2-0: Called Strike
2-1: Ball
3-1: Base on Balls
Batting: RHB Harrison Blackford 0-0: Fly out, F9 (Flyball, 89M)
Batting: RHB Anthony Trujillo 0-0: Ground out 6-3 (Groundball, 6)
Top of the 7th over - 0 run(s), 0 hit(s), 0 error(s), 1 left on base; St. Albert 5 - Seattle 3
BOTTOM OF THE 7TH
Seattle Terns batting - Pitching for St. Albert Prodigy : RHP Eduardo Estrada
Pitching: RHP Mike Russell
Batting: RHB Dustin O'Quinlevan 0-0: Foul Ball, location: 2F
0-1: Ball
1-1: Ground out 4-3 (Groundball, 4)
Batting: LHB Timmy Appeldoorn 0-0: Ground out 6-3 (Groundball, 6)
Batting: LHB Juan Hernández 0-0: Called Strike
0-1: Called Strike
0-2: Ball
1-2: Foul Ball, location: 2F
1-2: Ball
2-2: Ball
3-2: Foul Ball, location: 2F
3-2: Base on Balls
Batting: RHB Hank Kenney 0-0: Ball
1-0: Fly out, F5 (Line Drive, 5)
Bottom of the 7th over - 0 run(s), 0 hit(s), 0 error(s), 1 left on base; St. Albert 5 - Seattle 3
TOP OF THE 8TH
St. Albert Prodigy batting - Pitching for Seattle Terns : RHP Teddy Jones
Pitching: LHP Gian Turicchia
Batting: LHB Wallace James 0-0: Foul Ball, location: 2F
0-1: Called Strike
0-2: Hit by Pitch
Batting: RHB Bruce Reiser 0-0: Ball
1-0: Ball
2-0: Foul Ball, location: 2F
2-1: Ball
3-1: Base on Balls
Wallace James to second
Batting: RHB Carlos Mercado 0-0: Ball
1-0: Called Strike
1-1: Fielders Choice at 2nd, 1-6 (Groundball, 13S)
Wallace James to third
Batting: RHB Bernardo Burgos 0-0: Called Strike
0-1: Swinging Strike
0-2: Ball
1-2: Ball
2-2: Ball
3-2: Foul Ball, location: 2F
3-2: SINGLE (Flyball, 9S)
Wallace James scores
Carlos Mercado to second
Runner from 2nd tries for 3rd, SAFE, no throw or cutoff
Batting: SHB Monte Adams 0-0: Called Strike
0-1: Called Strike
0-2: Ball
1-2: Strikes out swinging
Batting: RHB Larry Mason 0-0: Ball
1-0: Fly out, F8 (Flyball, 8LXD)
Top of the 8th over - 1 run(s), 1 hit(s), 0 error(s), 2 left on base; St. Albert 6 - Seattle 3
BOTTOM OF THE 8TH
Seattle Terns batting - Pitching for St. Albert Prodigy : RHP Mike Russell
Batting: RHB Curt Pope 0-0: Ball
1-0: Swinging Strike
1-1: Swinging Strike
1-2: Strikes out looking
Batting: RHB David Ramírez 0-0: Ball
1-0: Ball
2-0: Foul Ball, location: 2F
2-1: Ball
3-1: Base on Balls
Pitching: RHP Jeff Wright
Batting: RHB Bobby Miller 0-0: Called Strike
0-1: Called Strike
0-2: Ball
1-2: Ball
2-2: Ball
3-2: Base on Balls
David Ramírez to second
Batting: LHB Wilson Horton 0-0: Called Strike
0-1: Foul Ball, location: 2F
0-2: Strikes out swinging
Batting: LHB Fred Cobb 0-0: Called Strike
0-1: Ground out 5-3 (Groundball, 15S)
Bottom of the 8th over - 0 run(s), 0 hit(s), 0 error(s), 2 left on base; St. Albert 6 - Seattle 3
TOP OF THE 9TH
St. Albert Prodigy batting - Pitching for Seattle Terns : LHP Gian Turicchia
Batting: LHB António Pineda 0-0: Ball
1-0: Swinging Strike
1-1: SOLO HOME RUN (Flyball, 9D), Distance : 373 ft
Pitching: LHP Alonso García
Batting: RHB Harrison Blackford 0-0: Ball
1-0: Fly out, F6 (Popup, 6D)
Batting: RHB Anthony Trujillo 0-0: Foul Ball, location: 2F
0-1: Ball
1-1: SINGLE (Groundball, 34D) (infield hit)
Batting: LHB Wallace James 0-0: Ball
1-0: Foul Ball, location: 2F
1-1: Swinging Strike
1-2: Ball
2-2: Strikes out swinging
Batting: RHB Bruce Reiser 0-0: Ball
1-0: TRIPLE (Groundball, 3L)
Anthony Trujillo scores
Batting: RHB Carlos Mercado 0-0: Swinging Strike
0-1: Foul Ball, location: 2F
0-2: Foul Ball, location: 2F
0-2: Foul Ball, location: 2F
0-2: Ball
1-2: Foul Ball, location: 2F
1-2: Ball
2-2: Foul Ball, location: 2F
2-2: Fly out, F8 (Flyball, 8RM)
Top of the 9th over - 2 run(s), 3 hit(s), 0 error(s), 1 left on base; St. Albert 8 - Seattle 3
BOTTOM OF THE 9TH
Seattle Terns batting - Pitching for St. Albert Prodigy : RHP Jeff Wright
Batting: RHB Dustin O'Quinlevan 0-0: Ball
1-0: Called Strike
1-1: Foul Ball, location: 2F
1-2: Ball
2-2: Foul Ball, location: 2F
2-2: Ball
3-2: Foul Ball, location: 2F
3-2: Foul Ball, location: 2F
3-2: Foul Ball, location: 2F
3-2: Base on Balls
Batting: LHB Timmy Appeldoorn 0-0: Grounds into double play, 4-6-3 (Groundball, 4)
Batting: LHB Juan Hernández 0-0: Ball
1-0: Called Strike
1-1: Foul Ball, location: 2F
1-2: Strikes out swinging
Bottom of the 9th over - 0 run(s), 0 hit(s), 0 error(s), 0 left on base; St. Albert 8 - Seattle 3
This league is powered by Out of the Park Baseball, the baseball management simulation game for PC, Mac and Linux
Monday, May 4th, 2015 - OOTP Baseball 15.6 Build 34